 Dungeon Crawl Stone Soup version 0.30.0-13-g156ef70053 (webtiles) character file.

Game seed: 809018554733530155

2005 jasper the Geomancer (level 9, -1/47 HPs)
             Began as a Deep Elf Earth Elementalist on May 17, 2023.
             Killed from afar by a steam dragon (22 damage)
             ... with a ball of steam
             ... on level 6 of the Dungeon.
             The game lasted 00:06:35 (5587 turns).

jasper the Geomancer (Deep Elf Earth Elementalist)  Turns: 5587, Time: 00:06:36

Health: -1/47      AC:  7    Str:  5    XL:     9   Next: 2%
Magic:  8/15       EV: 13    Int: 25    God:
Gold:   253        SH:  0    Dex: 15    Spells: 3/14 levels left

rFire   . . .        o - +0 trident (drain)
rCold   . . .        (no shield)
rNeg    . . .        a - +0 robe
rPois   .            b - +2 helmet
rElec   .            j - +0 cloak
rCorr   .            (no gloves)
SInv    .            w - +0 pair of boots
Will    .....        (no amulet)
Stlth   ++           (no ring)
HPRegen 0.27/turn    (no ring)
MPRegen 0.14/turn

%: no passive effects
@: no status effects
A: no striking features
a: no special abilities


You were on level 6 of the Dungeon.
You visited 1 branch of the dungeon, and saw 6 of its levels.

You collected 253 gold pieces.

Inventory:

Hand Weapons
 o - a +0 trident of draining (weapon)
 C - the +5 arbalest "Bamaqesh" {freeze, +Blink SInv Stlth+}
   (You found it on level 6 of the Dungeon)

   SInv:      It lets you see invisible.
   +Blink:    It lets you blink.
   Stlth:     It makes you more stealthy.
Missiles
 f - 4 poisoned darts
 i - 5 curare-tipped darts
Armour
 a - a +0 robe (worn)
 b - a +2 helmet (worn)
 j - a +0 cloak (worn)
 m - a +1 pair of boots
 w - a +0 pair of boots (worn)
Jewellery
 e - a +6 ring of dexterity
 k - a ring of ice
 x - a ring of protection from cold
Wands
 s - a wand of digging (4)
 z - a wand of charming (9)
 B - a wand of quicksilver (8)
Scrolls
 n - a scroll of vulnerability
 t - a scroll of noise
 v - a scroll of enchant armour
 y - a scroll of identify
Potions
 c - a potion of degeneration
 d - 4 potions of lignification
 g - 2 potions of ambrosia
 h - a potion of berserk rage
 l - 2 potions of brilliance
 p - 3 potions of resistance {unknown}
 q - 2 potions of heal wounds {unknown}
 r - 2 potions of attraction {unknown}
 u - a potion of mutation {unknown}
 A - a potion of curing {unknown}


   Skills:
 + Level 1.0 Fighting
 + Level 3.1 Dodging
 - Level 2.4 Stealth
 - Level 3.0 Spellcasting
 - Level 8.0 Conjurations
 + Level 1.5 Translocations
 - Level 1.1 Transmutations
 + Level 1.2 Air Magic
 - Level 10.0 Earth Magic


You had 3 spell levels left.
You knew the following spells:

 Your Spells              Type           Power      Damage    Failure   Level
a - Sandblast             Erth           100%       2d20      1%          1
b - Passwall              Tmut/Erth      25%        N/A       1%          2
c - Stone Arrow           Conj/Erth      96%        3d13      1%          3
d - Swiftness             Air            10%        N/A       19%         3
e - Blink                 Tloc           22%        N/A       9%          2

Your spell library contained the following spells:

 Spells                   Type           Power      Damage    Failure   Level
 Shock                    Conj/Air       100%       1d9       1%          1
 Apportation              Tloc           22%        N/A       5%          1
 Dazzling Flash           Conj/Hex       46%        N/A       6%          3
 Volatile Blastmotes      Fire/Tloc      14%        2d11      22%         3
 Petrify                  Tmut/Erth      31%        N/A       11%         4
 Iskenderun's Mystic Bla  Conj/Tloc      27%        2d7       14%         4
 Manifold Assault         Tloc           11%        N/A       47%         4
 Airstrike                Air            5%         2d(1-17)  52%         4
 Alistair's Intoxication  Tmut/Pois      4%         N/A       92%         5
 Starburst                Conj/Fire      11%        6d5       96%         6
 Storm Form               Tmut/Air       4%         N/A       100%        7


Dungeon Overview and Level Annotations

Branches:
Dungeon (6/15)
 Temple: D:4-7

Altars:

Annotations:
D:1 1 transporter


Message History

The blast of sand hits the ice beast!
The ice beast is moderately wounded.
The ice beast completely misses you.
You now have 12/14 mp.
The blast of sand hits the ice beast but does no damage.
The ice beast is moderately wounded.
The ice beast hits you. The ice beast freezes you!
You take 8 damage, and have 34/42 hp.
You now have 11/14 mp.
The blast of sand hits the ice beast!!
You kill the ice beast!
Your Fighting skill increases to level 1!
Your Dodging skill increases to level 3!
You have reached level 9!
Your experience leads to an increase in your attributes!
Increase (S)trength, (I)ntelligence, or (D)exterity?
You feel clever. x2
You regained 5 hp, and now have 39/47 hp.
You now have 10/15 mp.
The blast of sand hits the steam dragon!!
The steam dragon is severely wounded.
The steam dragon hisses angrily.
You now have 10/15 mp.
The blast of sand hits the steam dragon.
The steam dragon is severely wounded.
The steam dragon breathes steam at you. The ball of steam hits you!
You take 16 damage, and have 24/47 hp.
MASSIVE DAMAGE!!
You now have 9/15 mp.
You are too injured to fight recklessly!
Casting: Sandblast (safe; 1% risk of failure)
Confirm with . or Enter, or press ? or * to list all spells.
Aiming: Sandblast (safe; 1% risk of failure)
Press: ? - help, Shift-Dir - straight line, f/p - steam dragon
Aim: a steam dragon (steam, severely wounded, 85% to hit)
The blast of sand hits the steam dragon.
The steam dragon is almost dead.
You are engulfed in a cloud of scalding steam.
You take 4 damage, and have 20/47 hp.
You now have 8/15 mp.
The steam dragon breathes steam at you. The ball of steam hits you!!
You die...

#......##.#
#......#...
#......##.#
#.####.##..
#####.###.#
##..†......
#.#............#...
#.#.# ###.#####...
#.#.# ... #<...>#
#.#.# .### ####.##
.#..###.#.#....##
#.#
........@§D......
#.#
##..###.#.######.
#.# # #.#... ..#
..##### ### ####


You could see a steam dragon (catching breath).

Vanquished Creatures
  The ghost of browni3141 the Firebug, an amateur DsFE (D:3)
  Sigmund (D:3)
  Edmund (D:6)
  2 black bears (D:6)
  2 ice beasts
  A phantom (D:6)
  2 bullfrogs
  2 scorpions
  2 jellies
  3 orc priests
  A gnoll bouda (D:4)
  4 hounds
  3 orc wizards (D:6)
  Terence (D:3)
  7 iguanas
  A sleepcap (D:5)
  Robin (D:3)
  5 gnolls
  9 adders
  A white imp (D:5)
  An ufetubus (D:3)
  2 dart slugs
  11 orcs
  5 ball pythons
  5 endoplasms
  6 giant cockroaches
  14 goblins
  6 hobgoblins
  3 jackals (D:1)
  5 quokkas
  10 bats
  A frilled lizard (D:1)
  7 rats
126 creatures vanquished.

Notes
Turn   | Place    | Note
-------+----------+-------------------------------------------
     0 | D:1      | jasper the Deep Elf Earth Elementalist began the quest for
                  | the Orb.
     0 | D:1      | Reached XP level 1. HP: 10/10 MP: 6/6
   205 | D:1      | Reached skill level 4 in Earth Magic
   205 | D:1      | Reached XP level 2. HP: 15/15 MP: 5/8
   208 | D:1      | Learned a level 2 spell: Passwall
   360 | D:1      | Reached XP level 3. HP: 19/19 MP: 6/9
  1219 | D:2      | Found a faded altar of an unknown god.
  1555 | D:2      | Reached skill level 5 in Earth Magic
  2202 | D:3      | Noticed Terence
  2215 | D:3      | Killed Terence
  2216 | D:3      | Reached XP level 4. HP: 13/24 MP: 4/10
  2284 | D:3      | Found a runed translucent door.
  2456 | D:3      | Noticed browni3141's ghost (amateur DsFE)
  2667 | D:3      | Noticed Robin
  2683 | D:3      | Reached skill level 6 in Earth Magic
  2685 | D:3      | Killed Robin
  2721 | D:3      | Noticed Sigmund
  2728 | D:3      | Learned a level 3 spell: Stone Arrow
  2770 | D:3      | Killed Sigmund
  2771 | D:3      | Reached skill level 7 in Earth Magic
  2771 | D:3      | Reached XP level 5. HP: 20/28 MP: 8/11
  2771 | D:3      | Reached XP level 6. HP: 23/32 MP: 8/12
  3110 | D:3      | Killed browni3141's ghost
  3111 | D:3      | Reached skill level 8 in Earth Magic
  3210 | D:4      | Reached XP level 7. HP: 36/36 MP: 9/13
  3332 | D:4      | Reached skill level 9 in Earth Magic
  3827 | D:4      | Reached skill level 10 in Earth Magic
  3827 | D:4      | Reached skill level 1 in Conjurations
  4242 | D:5      | Entered Level 5 of the Dungeon
  4479 | D:5      | Reached XP level 8. HP: 41/41 MP: 9/14
  4919 | D:5      | Reached skill level 5 in Conjurations
  5155 | D:6      | Learned a level 3 spell: Swiftness
  5158 | D:6      | Learned a level 2 spell: Blink
  5333 | D:6      | Identified the +5 arbalest "Bamaqesh" {freeze, +Blink SInv
                  | Stlth+}
  5433 | D:6      | Noticed Edmund
  5438 | D:6      | Killed Edmund
  5513 | D:6      | Reached skill level 1 in Translocations
  5536 | D:6      | Reached skill level 1 in Air Magic
  5582 | D:6      | Reached skill level 1 in Fighting
  5582 | D:6      | Reached XP level 9. HP: 39/47 MP: 10/15
  5587 | D:6      | Killed from afar by a steam dragon

Illustrated notes

Levels and vault maps discovered:
D:1:      spicycebolla_arrival_transporter_tutorial, layout_basic
D:2:      layout_basic, shapermc_ecumenical_altar_starsandcircs
D:3:      layout_basic, ebering_ghost_sewer_d, serial_glass, glass_columns_b,
          glass_columns_c, glass_columns_b, glass_columns_b, glass_columns_a,
          glass_columns_c, due_unseen_surprise, minmay_strange_pillars,
          minmay_strange_pillars, fountainhead, chequers_serial_rivers_room_a,
          minivault_19, uniq_robin, uniq_terence, uniq_sigmund
D:4:      layout_basic, minmay_surrounded
D:5:      layout_loops_ring
D:6:      layout_basic, uniq_edmund

Skill      XL: |  1  2  3  4  5  6  7  8 |
---------------+-------------------------+-----
Earth Magic    | 4 5 7 8 10 | 10.0
Conjurations   | 3 8 |  8.0
Translocations | 1 |  1.5
Air Magic      | 1 |  1.2
Fighting       | 1 |  1.0
Dodging        | 3 |  3.1
Stealth        | |  2.4
Spellcasting   | |  3.0
Transmutations | |  1.1

Action                     |  1- 3 |  4- 6 |  7- 9 || total
---------------------------+-------+-------+-------++-------
  Melee: Trident           |       |       |    14 ||    14
   Cast: Sandblast         |    55 |    40 |   109 ||   204
    Use: Scroll            |     4 |     2 |     7 ||    13
         Potion            |       |     1 |       ||     1
 Armour: Robe              |     9 |    11 |    23 ||    43
  Dodge: Dodged            |    20 |    25 |    23 ||    68
